%YAML 1.1
%TAG !u! tag:unity3d.com,2011:
--- !u!1 &70569856726374569
GameObject:
  m_ObjectHideFlags: 0
  m_CorrespondingSourceObject: {fileID: 0}
  m_PrefabInstance: {fileID: 0}
  m_PrefabAsset: {fileID: 0}
  serializedVersion: 6
  m_Component:
  - component: {fileID: 7205178096817318994}
  - component: {fileID: 4152321889345017487}
  m_Layer: 0
  m_Name: EnemySpawner
  m_TagString: Untagged
  m_Icon: {fileID: 0}
  m_NavMeshLayer: 0
  m_StaticEditorFlags: 0
  m_IsActive: 1
--- !u!4 &7205178096817318994
Transform:
  m_ObjectHideFlags: 0
  m_CorrespondingSourceObject: {fileID: 0}
  m_PrefabInstance: {fileID: 0}
  m_PrefabAsset: {fileID: 0}
  m_GameObject: {fileID: 70569856726374569}
  m_LocalRotation: {x: 0, y: 0, z: 0, w: 1}
  m_LocalPosition: {x: 0, y: 0, z: 0}
  m_LocalScale: {x: 1, y: 1, z: 1}
  m_ConstrainProportionsScale: 0
  m_Children:
  - {fileID: 4254447247184131514}
  - {fileID: 3106147646141448623}
  - {fileID: 7629947011559919819}
  - {fileID: 5246073713510129317}
  m_Father: {fileID: 0}
  m_RootOrder: 0
  m_LocalEulerAnglesHint: {x: 0, y: 0, z: 0}
--- !u!114 &4152321889345017487
MonoBehaviour:
  m_ObjectHideFlags: 0
  m_CorrespondingSourceObject: {fileID: 0}
  m_PrefabInstance: {fileID: 0}
  m_PrefabAsset: {fileID: 0}
  m_GameObject: {fileID: 70569856726374569}
  m_Enabled: 1
  m_EditorHideFlags: 0
  m_Script: {fileID: 11500000, guid: 89b4f6ccb6ccabc4f84a62439efe51f3, type: 3}
  m_Name: 
  m_EditorClassIdentifier: 
  points:
  - {fileID: 4254447247184131514}
  - {fileID: 3106147646141448623}
  - {fileID: 7629947011559919819}
  - {fileID: 5246073713510129317}
  timeEnemys: 2
  Tardiaca:
  - {fileID: 3649075935362371386, guid: 33a9ca3aced9ca04195d7250703de364, type: 3}
  - {fileID: 3629652182424903787, guid: 5494b4aa4e6ac454ab4f1c48cefa0701, type: 3}
  - {fileID: 8662324807187427114, guid: dccf9e47cbc25604391280116f74b59d, type: 3}
  - {fileID: 975474471578382015, guid: 8115b5107a18fdc4b905f6c16c4a17d8, type: 3}
  CrabPeople:
  - {fileID: 3806473553729928665, guid: 2456e6a73137acd4d9622cf815153532, type: 3}
  - {fileID: 5339957905720448641, guid: eef4f935ec6abeb49a864b2e72fcad03, type: 3}
  - {fileID: 8235327484725941890, guid: 7f7453072673d4142859e99e0db28251, type: 3}
  - {fileID: 7979264627384928404, guid: c53ae9ad7b2bfd04da7ed29c9edd2aa9, type: 3}
  Gotics:
  - {fileID: 127347130085134160, guid: 0b6dc506049d5e0428d20016a8f295b7, type: 3}
  - {fileID: 6576766921208741688, guid: efd0465741e26cf4f956e8ea8f09ac0d, type: 3}
  - {fileID: 3283622225491781523, guid: 60b1e04dc8ff9714fb7c6daeee84eea6, type: 3}
  SpawnLimit: 3
  SpawmEnemyAvailable: 1
  _enemiesSpawnedCounter: 0
  wavesStatus: 0
  waveSetted: 0
  waveInProgress: 0
  wavesCompleted: 0
  wavesCounter: 0
--- !u!1 &3167739909297762746
GameObject:
  m_ObjectHideFlags: 0
  m_CorrespondingSourceObject: {fileID: 0}
  m_PrefabInstance: {fileID: 0}
  m_PrefabAsset: {fileID: 0}
  serializedVersion: 6
  m_Component:
  - component: {fileID: 4254447247184131514}
  m_Layer: 0
  m_Name: EnemySpawnPointA
  m_TagString: Untagged
  m_Icon: {fileID: 7174288486110832750, guid: 0000000000000000d000000000000000, type: 0}
  m_NavMeshLayer: 0
  m_StaticEditorFlags: 0
  m_IsActive: 1
--- !u!4 &4254447247184131514
Transform:
  m_ObjectHideFlags: 0
  m_CorrespondingSourceObject: {fileID: 0}
  m_PrefabInstance: {fileID: 0}
  m_PrefabAsset: {fileID: 0}
  m_GameObject: {fileID: 3167739909297762746}
  m_LocalRotation: {x: -0, y: -0, z: -0, w: 1}
  m_LocalPosition: {x: -7.53, y: 2.31, z: 0}
  m_LocalScale: {x: 1, y: 1, z: 1}
  m_ConstrainProportionsScale: 0
  m_Children: []
  m_Father: {fileID: 7205178096817318994}
  m_RootOrder: 0
  m_LocalEulerAnglesHint: {x: 0, y: 0, z: 0}
--- !u!1 &6847171812120070013
GameObject:
  m_ObjectHideFlags: 0
  m_CorrespondingSourceObject: {fileID: 0}
  m_PrefabInstance: {fileID: 0}
  m_PrefabAsset: {fileID: 0}
  serializedVersion: 6
  m_Component:
  - component: {fileID: 5246073713510129317}
  m_Layer: 0
  m_Name: EnemySpawnPointD
  m_TagString: Untagged
  m_Icon: {fileID: 7174288486110832750, guid: 0000000000000000d000000000000000, type: 0}
  m_NavMeshLayer: 0
  m_StaticEditorFlags: 0
  m_IsActive: 1
--- !u!4 &5246073713510129317
Transform:
  m_ObjectHideFlags: 0
  m_CorrespondingSourceObject: {fileID: 0}
  m_PrefabInstance: {fileID: 0}
  m_PrefabAsset: {fileID: 0}
  m_GameObject: {fileID: 6847171812120070013}
  m_LocalRotation: {x: -0, y: -0, z: -0, w: 1}
  m_LocalPosition: {x: 7.54, y: -2.52, z: 0}
  m_LocalScale: {x: 1, y: 1, z: 1}
  m_ConstrainProportionsScale: 0
  m_Children: []
  m_Father: {fileID: 7205178096817318994}
  m_RootOrder: 3
  m_LocalEulerAnglesHint: {x: 0, y: 0, z: 0}
--- !u!1 &8067155103814381110
GameObject:
  m_ObjectHideFlags: 0
  m_CorrespondingSourceObject: {fileID: 0}
  m_PrefabInstance: {fileID: 0}
  m_PrefabAsset: {fileID: 0}
  serializedVersion: 6
  m_Component:
  - component: {fileID: 3106147646141448623}
  m_Layer: 0
  m_Name: EnemySpawnPointB
  m_TagString: Untagged
  m_Icon: {fileID: 7174288486110832750, guid: 0000000000000000d000000000000000, type: 0}
  m_NavMeshLayer: 0
  m_StaticEditorFlags: 0
  m_IsActive: 1
--- !u!4 &3106147646141448623
Transform:
  m_ObjectHideFlags: 0
  m_CorrespondingSourceObject: {fileID: 0}
  m_PrefabInstance: {fileID: 0}
  m_PrefabAsset: {fileID: 0}
  m_GameObject: {fileID: 8067155103814381110}
  m_LocalRotation: {x: -0, y: -0, z: -0, w: 1}
  m_LocalPosition: {x: 7.54, y: 2.31, z: 0}
  m_LocalScale: {x: 1, y: 1, z: 1}
  m_ConstrainProportionsScale: 0
  m_Children: []
  m_Father: {fileID: 7205178096817318994}
  m_RootOrder: 1
  m_LocalEulerAnglesHint: {x: 0, y: 0, z: 0}
--- !u!1 &8161127443425383019
GameObject:
  m_ObjectHideFlags: 0
  m_CorrespondingSourceObject: {fileID: 0}
  m_PrefabInstance: {fileID: 0}
  m_PrefabAsset: {fileID: 0}
  serializedVersion: 6
  m_Component:
  - component: {fileID: 7629947011559919819}
  m_Layer: 0
  m_Name: EnemySpawnPointC
  m_TagString: Untagged
  m_Icon: {fileID: 7174288486110832750, guid: 0000000000000000d000000000000000, type: 0}
  m_NavMeshLayer: 0
  m_StaticEditorFlags: 0
  m_IsActive: 1
--- !u!4 &7629947011559919819
Transform:
  m_ObjectHideFlags: 0
  m_CorrespondingSourceObject: {fileID: 0}
  m_PrefabInstance: {fileID: 0}
  m_PrefabAsset: {fileID: 0}
  m_GameObject: {fileID: 8161127443425383019}
  m_LocalRotation: {x: -0, y: -0, z: -0, w: 1}
  m_LocalPosition: {x: -7.53, y: -2.52, z: 0}
  m_LocalScale: {x: 1, y: 1, z: 1}
  m_ConstrainProportionsScale: 0
  m_Children: []
  m_Father: {fileID: 7205178096817318994}
  m_RootOrder: 2
  m_LocalEulerAnglesHint: {x: 0, y: 0, z: 0}
